 Dungeon Crawl Stone Soup version 0.31-a0-868-g674d60d6f7 (webtiles) character file.

Game seed: 14201051121737174524

43080 wingedge the Protected (level 13, 0/103 HPs)
             Began as a Mummy Earth Elementalist on Oct 11, 2023.
             Was a High Priest of Sif Muna.
             Slain by a spriggan rider
             ... wielding a +0 spear
              (18 damage)
             ... on level 5 of the Lair of Beasts.
             The game lasted 01:03:54 (26159 turns).

wingedge the Protected (Mummy Earth Elementalist)  Turns: 26159, Time: 01:03:55

Health: 0/103      AC: 28    Str: 18    XL:     13   Next: 88%
Magic:  7/25       EV: 25    Int: 25    God:    Sif Muna [*****.]
Gold:   475        SH:  7    Dex: 12    Spells: 20/28 levels left

rFire   + . .        z - +4 scimitar (freeze)
rCold   . . .        P - +0 buckler
rNeg    + + +        K - +7 fire dragon scales
rPois   ∞            (no helmet)
rElec   .            j - +1 cloak "Kozxior" {Fly}
rCorr   .            w - +1 pair of gloves
SInv    .            D - +2 pair of boots {Fly}
Will    +....        r - amulet of the acrobat Stlth
                     d - +6 ring of intelligence
HPRegen 0.37/turn    m - +6 ring of strength
MPRegen 0.19/turn

%: acrobat, faith
@: acrobatic, flying
A: cold resistance 1, negative energy resistance 3, torment resistance 2, heat
vulnerability 1, in touch with death 2, no potions, faith
a: Renounce Religion, Channel Magic, Forget Spell, Divine Exegesis


You were on level 5 of the Lair of Beasts.
You worshipped Sif Muna.
Sif Muna was extremely pleased with you.
You visited 3 branches of the dungeon, and saw 16 of its levels.
You also visited: Bailey and Volcano.

You collected 1546 gold pieces.
You spent 1071 gold pieces at shops.

Inventory:

Hand Weapons
 b - a +2 vampiric trident
 e - a +0 short sword of speed
 z - a +4 scimitar of freezing (weapon)
 C - a +0 broad axe
Missiles
 k - 32 poisoned darts
 A - a curare-tipped dart
Armour
 g - a +1 ring mail of willpower
 i - an orb of light
 j - the +1 cloak "Kozxior" (worn) {Fly}
   (You found it on level 8 of the Dungeon)

   Fly:       It grants you flight.
 v - a +0 kite shield
 w - a +1 pair of gloves (worn)
 x - +2 acid dragon scales
 D - a +2 pair of boots of flying (worn)
 J - a +1 leather armour of fire resistance
 K - +7 fire dragon scales (worn)
 P - a +0 buckler (worn)
Magical Staves
 a - a staff of earth
 l - a staff of cold
 y - a staff of fire
Jewellery
 c - a +5 ring of evasion
 d - a +6 ring of intelligence (left hand)
 m - a +6 ring of strength (right hand)
 r - an amulet of the acrobat (around neck)
 s - a ring of see invisible
 H - a ring of ice
Wands
 f - a wand of polymorph (8)
 p - a wand of iceblast (29)
 t - a wand of mindburst (16)
 E - a wand of paralysis (11)
 M - a wand of digging (14)
Scrolls
 h - a scroll of amnesia
 n - a scroll of blinking
 o - 4 scrolls of enchant weapon
 q - 2 scrolls of immolation
 u - 2 scrolls of teleportation
 B - a scroll of revelation
 F - a scroll of fear
 G - 3 scrolls of identify
 L - a scroll of poison
 O - a scroll of torment
Miscellaneous
 I - a condenser vane
 N - a phantom mirror


   Skills:
 - Level 10.0 Fighting
 + Level 12.1 Armour
 - Level 2.0 Dodging
 - Level 2.0 Stealth
 + Level 11.5 Shields
 + Level 8.2 Spellcasting
 - Level 5.0 Conjurations
 - Level 0.7 Transmutations
 + Level 1.0 Ice Magic
 + Level 1.0 Air Magic
 - Level 5.0 Earth Magic


You had 20 spell levels left.
You knew the following spells:

 Your Spells              Type           Power      Damage    Failure   Level
a - Sandblast             Erth           70%        2d15      2%          1
b - Stone Arrow           Conj/Erth      70%        3d11      8%          3
c - Passwall              Tmut/Erth      20%        N/A       10%         2
z - Blink                 Tloc           20%        N/A       30%         2

Your spell library contained the following spells:

 Spells                   Type           Power      Damage    Failure   Level
 Searing Ray              Conj           70%        2d7       4%          2
 Shock                    Conj/Air       100%       1d9       6%          1
 Foxfire                  Conj/Fire      88%        2x1d8     8%          1
 Momentum Strike          Conj/Tloc      44%        3d9       11%         2
 Necrotise                Necr           92%        1d8       21%         1
 Summon Small Mammal      Summ           40%        N/A       21%         1
 Dazzling Flash           Conj/Hex       44%        N/A       22%         3
 Ensorcelled Hibernation  Hex/Ice        24%        N/A       26%         2
 Brom's Barrelling Bould  Conj/Erth      35%        2d5       26%         4
 Lesser Beckoning         Tloc           20%        N/A       30%         2
 Scorch                   Fire           20%        2d5       30%         2
 Swiftness                Air            15%        N/A       38%         3
 Ignite Poison            Fire/Tmut/Pois 11%        N/A       50%         3
 Call Canine Familiar     Summ           10%        N/A       52%         3
 Summon Guardian Golem    Hex/Summ       10%        N/A       52%         3
 Vampiric Draining        Necr           23%        2d7       52%         3
 Volatile Blastmotes      Fire/Tloc      20%        2d11      52%         3
 Petrify                  Tmut/Erth      24%        N/A       54%         4
 Animate Armour           Summ/Erth      44%        N/A       58%         4
 Flame Wave               Conj/Fire      22%        2d8       58%         4
 Iskenderun's Mystic Bla  Conj/Tloc      22%        2d6       58%         4
 Sticky Flame             Conj/Fire      22%        2d4       58%         4
 Iskenderun's Battlesphe  Conj           35%        2d9       58%         5
 Lee's Rapid Deconstruct  Erth           17%        3d11*     58%         5
 Airstrike                Air            7%         2d(2-18)  80%         4
 Summon Ice Beast         Ice/Summ       12%        N/A       86%         4
 Summon Lightning Spire   Summ/Air       12%        N/A       86%         4
 Irradiate                Conj/Tmut      12%        3d15      87%         5
 Fireball                 Conj/Fire      11%        3d7       90%         5
 Freezing Cloud           Conj/Ice/Air   10%        6-21      91%         5
 Agony                    Necr           23%        N/A       99%         5
 Bombard                  Conj/Erth      17%        9d4       99%         6
 Conjure Ball Lightning   Conj/Air       12%        3x3d6     100%        6
 Plasma Beam              Fire/Air       6%         2x1d16    100%        6
 Simulacrum               Ice/Necr       14%        N/A       100%        6
 Starburst                Conj/Fire      11%        6d5       100%        6
 Orb of Destruction       Conj           17%        9d7       100%        7
 Spellforged Servitor     Conj/Summ      11%        N/A       100%        7
 Summon Hydra             Summ           5%         N/A       100%        7
 Maxwell's Capacitive Co  Air            7%         ∞         100%        8


Dungeon Overview and Level Annotations

Branches:
Dungeon (10/15)            Temple (1/1) D:7            Lair (5/5) D:10
  Swamp (0/4) Lair:2        Snake (0/4) Lair:2        Slime (0/5) Lair:5
 Bailey (visited)         Volcano (visited)
    Orc: D:9-12

Altars:
Ashenzari
Cheibriados
Dithmenos
Fedhas
Gozag
Hepliaklqana
Kikubaaqudgha
Makhleb
Nemelex Xobeh
Okawaru
Qazlal
Ru
Sif Muna
Trog
Uskayaw
Vehumet
Wu Jian
Xom
Yredelemnul
Jiyva

Shops:
D:6 *   D:7 ?[=([   D:8 *   D:9 [

Annotations:
Lair:3 2 transporters, GigaChad's ghost, journeyman FoFi


Innate Abilities, Weirdness & Mutations

You are immune to poison.
Your flesh is cold resistant. (rC+)
You are immune to negative energy. (rN+++)
You are immune to unholy pain and torment.
You are vulnerable to heat. (rF-)
You are strongly in touch with the powers of death.
You do not drink.
You have a special connection with the divine. (Faith)


Message History

The spriggan rider is moderately wounded.
The spriggan rider hits you with a +0 spear!
You closely miss the spriggan rider.
The spriggan rider is moderately wounded.
The spriggan rider hits you with a +0 spear! x2
You miss the spriggan rider.
The spriggan rider is moderately wounded.
The spriggan rider hits you but does no damage.
Your magical contamination has completely faded away.
The spriggan rider blocks your attack.
The spriggan rider is moderately wounded.
A spriggan comes into view. It is wielding a +0 rapier.
You block the spriggan rider's attack. The spriggan rider blocks your attack.
The spriggan rider is moderately wounded.
The spriggan shouts!
You block the spriggan rider's attack.
A spriggan comes into view. It is wielding a +0 dagger.
The spriggan rider hits you with a +0 spear!
* * * LOW HITPOINT WARNING * * *
Okay, then.
Unknown command.
Unknown command.
Press: ? - help, v - describe, . - travel
Here: a spriggan rider, wielding a +0 spear and wearing a +2 buckler (moderately wounded)
The floor.
Unknown command.
Okay, then.
Blink to where?
Press: ? - help, Dir - move target, p - spriggan rider
As you read the scroll of blinking, it crumbles to dust.
The spriggan rider hits you from afar with a +0 spear.
* * * LOW HITPOINT WARNING * * *
You block the spriggan rider's attack.
The spriggan rider attacks as it pursues you!
You block the spriggan rider's attack. The spriggan hits you with a +0 rapier!
* * * LOW HITPOINT WARNING * * *
The spriggan rider hits you from afar with a +0 spear!!
You die...

##..##.[[..#.........^..
#.#..#..................
#.#.#[............##....
##...##............##...
##.###....##.....####..
##i##....##......##.#..
#...#######.........#..
#..i###..##[...........
##....@..<[.............
#.#.....)†..............
##......................
#......................
##..............##...#.
#...#.##.##....#####.#
##.###.........###..#..
#...##....#.#...#....†.
#...#...........##..††.


You could see a spriggan rider.

Vanquished Creatures
  2 hydras (Lair:5)
  2 catoblepae
  A boulder beetle (Lair:5)
  5 death yaks
  Urug (Lair:2)
  A tengu warrior (D:10)
  A skyshark (Lair:3)
  Pikel (D:8)
  2 oklob plants (Lair:2)
  A will-o-the-wisp (Lair:2)
  14 elephants
  8 cane toads
  8 black mambas
  The ghost of TheGamechu the Covert, a novice KoEn of Dithmenos (D:6)
  2 torpor snails
  Joseph (D:8)
  A molten gargoyle (Volcano)
  2 gargoyles (Volcano)
  Maggie (D:6)
  2 komodo dragons
  2 rime drakes
  5 polar bears
  5 hornets
  14 dream sheep
  8 blink frogs
  Sigmund (D:3)
  8 spriggans (Lair:5)
  A wraith (D:10)
  A centaur simulacrum (D:10)
  A vampire (D:9)
  3 shadows
  A fire elemental (Volcano)
  4 wyverns
  15 yaks
  3 vampire mosquitoes (D:10)
  A basilisk (Lair:4)
  Edmund (D:6)
  18 water moccasins
  6 orc warriors
  7 black bears
  4 ice beasts
  A sky beast (D:7)
  An ogre (D:5)
  5 boggarts (Lair:5)
  29 wolves
  2 centaurs
  3 lemures (D:8)
  A kobold brigand (D:9)
  13 bullfrogs
  A gnoll sergeant (D:7)
  2 scorpions
  12 wights
  4 howler monkeys
  A lava snake (D:9)
  A hound (D:5)
  3 jellies
  3 orc priests
  2 gnoll boudas
  7 iguanas
  Ijyb (D:3)
  7 orc wizards
  15 gnolls
  7 adders
  2 shadow imps
  A white imp (D:8)
  An ufetubus (D:7)
  A worm (D:3)
  28 orcs
  9 ball pythons
  3 endoplasms
  3 giant cockroaches
  8 goblins
  14 hobgoblins
  4 jackals (D:2)
  27 kobolds
  2 quokkas
  9 bats
  2 frilled lizards
  2 rats
  A spectral hobgoblin (D:7)
  2 butterflies (D:10)
406 creatures vanquished.

Vanquished Creatures (others)
  2 foxfires (Lair:2)
2 creatures vanquished.

Grand Total: 408 creatures vanquished

Notes
Turn   | Place    | Note
-------+----------+-------------------------------------------
     0 | D:1      | wingedge the Mummy Earth Elementalist began the quest for
                  | the Orb.
     0 | D:1      | Reached XP level 1. HP: 13/13 MP: 4/4
   525 | D:1      | Reached XP level 2. HP: 19/19 MP: 3/5
  1611 | D:2      | Reached XP level 3. HP: 25/25 MP: 5/7
  1651 | D:2      | Learned a level 3 spell: Stone Arrow
  1919 | D:2      | Reached skill level 1 in Conjurations
  2154 | D:3      | Reached skill level 1 in Fighting
  2213 | D:3      | Reached XP level 4. HP: 32/32 MP: 1/9
  2325 | D:3      | Reached XP level 5. HP: 34/38 MP: 2/10
  2449 | D:3      | Noticed Sigmund
  2870 | D:3      | Noticed Ijyb
  2875 | D:3      | Killed Ijyb
  3255 | D:4      | Noticed an ice beast
  3488 | D:4      | Found a shimmering blue altar of Sif Muna.
  3493 | D:4      | Became a worshipper of Sif Muna the Loreminder
  3511 | D:4      | Killed an ice beast
  3512 | D:4      | Reached XP level 6. HP: 46/46 MP: 5/13
  3730 | D:4      | Reached skill level 5 in Spellcasting
  3880 | D:4      | Found an opulent altar of Gozag.
  4013 | D:4      | Found a sparkling altar of Nemelex Xobeh.
  4292 | D:5      | Entered Level 5 of the Dungeon
  4461 | D:5      | Reached XP level 7. HP: 51/51 MP: 11/15
  4559 | D:5      | Reached skill level 1 in Armour
  4718 | D:5      | Learned a level 2 spell: Passwall
  5892 | D:6      | Reached * piety under Sif Muna
  5897 | D:6      | Reached XP level 8. HP: 60/60 MP: 2/18
  6036 | D:6      | Found a runed translucent door.
  6036 | D:6      | Noticed TheGamechu's ghost (novice KoEn)
  6040 | D:6      | Reached skill level 2 in Armour
  6068 | D:6      | Killed TheGamechu's ghost
  6191 | D:6      | Found a runed translucent door.
  6291 | D:6      | Found a hide-covered altar of Uskayaw.
  6319 | D:6      | Identified the ring "Ufuaxzei" {rN+ Dex+6 Stlth+}
  6411 | D:6      | Noticed Edmund
  6414 | D:6      | Killed Edmund
  6415 | D:6      | Reached skill level 3 in Armour
  6541 | D:6      | Noticed Maggie
  6546 | D:6      | Killed Maggie
  6547 | D:6      | Reached skill level 5 in Earth Magic
  6547 | D:6      | Reached XP level 9. HP: 18/65 MP: 5/21
  7028 | D:6      | Found Foozebev's Serpentskin Sales.
  7036 | D:6      | Reached skill level 4 in Armour
  7666 | D:7      | Reached skill level 5 in Conjurations
  7696 | D:7      | Found Siafi's Jewellery Boutique.
  7742 | D:7      | Found Ziohecen's Armour Boutique.
  7752 | D:7      | Reached skill level 5 in Armour
  8006 | D:7      | Reached skill level 1 in Shields
  8215 | D:7      | Reached ** piety under Sif Muna
  8360 | D:7      | Found a hazy altar of Hepliaklqana.
  8503 | D:7      | Reached skill level 5 in Fighting
  8643 | D:7      | Found Oresuc's Weapon Emporium.
  8897 | D:7      | Found Baoxzeg's Antique Armour Shoppe.
  8954 | D:7      | Found Ovvuq's Magic Scroll Emporium.
  9159 | D:7      | Found a staircase to the Ecumenical Temple.
  9165 | Temple   | Entered the Ecumenical Temple
  9225 | D:8      | Found Talawkem's Assorted Antiques.
  9541 | D:8      | Noticed Joseph
  9545 | D:8      | Killed Joseph
  9546 | D:8      | Reached skill level 6 in Armour
  9546 | D:8      | Reached XP level 10. HP: 75/75 MP: 2/22
  9754 | D:8      | Learned a level 2 spell: Blink
  9874 | D:8      | Found an ornate altar of the Wu Jian Council.
  9875 | D:8      | Found an iron altar of Okawaru.
  9932 | D:8      | Found a stormy altar of Qazlal.
  9958 | D:8      | Noticed Pikel
 10087 | D:8      | Killed Pikel
 10289 | D:8      | Identified the +1 cloak "Kozxior" {Fly}
 10628 | D:3      | Killed Sigmund
 10739 | D:9      | Found Nirix's Armour Shop.
 10845 | D:9      | Reached *** piety under Sif Muna
 11113 | D:9      | Reached skill level 7 in Armour
 11115 | D:9      | Reached skill level 5 in Shields
 11319 | D:9      | Found a flagged portal.
 11323 | Bailey   | Entered a bailey
 11852 | Bailey   | Reached **** piety under Sif Muna
 13060 | D:10     | Entered Level 10 of the Dungeon
 13367 | D:10     | Found a broken altar of Ashenzari.
 13371 | D:10     | Found a radiant altar of Vehumet.
 13371 | D:10     | Found a basalt altar of Yredelemnul.
 13480 | D:10     | Found a bloodstained altar of Trog.
 13497 | D:10     | Found a shimmering altar of Xom.
 13647 | D:10     | Noticed a tengu warrior
 13651 | D:10     | Killed a tengu warrior
 13652 | D:10     | Reached XP level 11. HP: 81/81 MP: 10/23
 13881 | D:10     | Found a blossoming altar of Fedhas.
 14114 | D:10     | Found a staircase to the Lair.
 14245 | Lair:1   | Entered Level 1 of the Lair of Beasts
 14595 | Lair:1   | Reached ***** piety under Sif Muna
 15425 | Lair:2   | Found a staircase to the Swamp.
 15861 | Lair:2   | Identified the +1 ring mail "Oreamuep" {+Blink rCorr Str-2
                  | Dex+3 SInv}
 15867 | Lair:2   | Found a dark tunnel.
 15872 | Volcano  | Entered a volcano
 16074 | Volcano  | Reached skill level 10 in Shields
 16463 | Lair:2   | Found a staircase to the Snake Pit.
 16805 | D:7      | Bought shiny fire dragon scales for 1071 gold pieces
 17002 | Lair:2   | Found a blossoming altar of Fedhas.
 17005 | Lair:2   | Noticed an oklob plant
 17017 | Lair:2   | Noticed an oklob plant
 17021 | Lair:2   | Killed an oklob plant
 17107 | Lair:2   | Killed an oklob plant
 17227 | Lair:2   | Noticed Urug
 17234 | Lair:2   | Paralysed by Urug for 4 turns
 17238 | Lair:2   | Killed Urug
 17395 | Lair:2   | Reached XP level 12. HP: 78/89 MP: 6/24
 17641 | Lair:2   | Identified Sif Muna's Reference Book on the Amalgamated
                  | Fifth Circle (Sif Muna gifted it to you on level 2 of the
                  | Lair of Beasts)
 17641 | Lair:2   | Received a gift from Sif Muna
 17915 | Lair:2   | Reached skill level 8 in Armour
 18593 | Lair:3   | Found a transporter.
 18785 | Lair:3   | Noticed GigaChad's ghost (journeyman FoFi)
 18787 | Lair:3   | Noticed a boulder beetle
 18788 | Lair:3   | Noticed a boulder beetle
 18802 | Lair:3   | Found a transporter.
 19337 | Lair:3   | Noticed a catoblepas
 19347 | Lair:3   | Killed a catoblepas
 19657 | Lair:4   | Reached skill level 9 in Armour
 20810 | Lair:4   | Noticed a death yak
 20810 | Lair:4   | Noticed a death yak
 20810 | Lair:4   | Noticed a death yak
 20810 | Lair:4   | Noticed a death yak
 20811 | Lair:4   | Noticed a death yak
 20944 | Lair:4   | Killed a death yak
 20959 | Lair:3   | Killed a death yak
 20960 | Lair:3   | Reached skill level 10 in Fighting
 21181 | Lair:3   | Reached skill level 10 in Armour
 21342 | Lair:4   | Gained mutation: You are strongly in touch with the powers
                  | of death. [Mummy growth]
 21342 | Lair:4   | Reached XP level 13. HP: 103/103 MP: 2/25
 22254 | Lair:5   | Entered Level 5 of the Lair of Beasts
 22486 | Lair:5   | Reached skill level 11 in Armour
 22740 | Lair:5   | Identified Sif Muna's Vellum of the Deep Freeze and the
                  | Salvo (Sif Muna gifted it to you on level 5 of the Lair of
                  | Beasts)
 22740 | Lair:5   | Received a gift from Sif Muna
 24441 | Lair:5   | Found a viscous altar of Jiyva.
 24454 | Lair:5   | Found a staircase to the Slime Pits.
 25030 | Lair:5   | Reached skill level 12 in Armour
 25407 | Lair:5   | Identified Sif Muna's Information on the Dragon (Sif Muna
                  | gifted it to you on level 5 of the Lair of Beasts)
 25407 | Lair:5   | Received a gift from Sif Muna
 26129 | Lair:5   | Reached skill level 1 in Ice Magic
 26129 | Lair:5   | Reached skill level 1 in Air Magic
 26159 | Lair:5   | Slain by a spriggan rider

Illustrated notes

Levels and vault maps discovered:
D:1:      minmay_arrival_radiant_lines, layout_basic, serial_forest,
          infiniplex_forest_lined_2, infiniplex_forest_lined_3_way,
          infiniplex_forest_clump_tiny, infiniplex_forest_clump_long,
          infiniplex_forest_straight_3, infiniplex_forest_clump_medium,
          infiniplex_forest_lined_4_way
D:2:      layout_loops_cross
D:3:      layout_loops_ring, uniq_sigmund, uniq_ijyb
D:4:      layout_loops_ring, grunt_gozag_statues, old_standard_altar,
          nicolae_sif_muna_little_library
D:5:      layout_cave_pools, serial_co_window_serial, co_window_paths_a,
          co_window_corner_a, co_window_corner_a, co_window_paths_a,
          co_window_paths_a, co_window_of_opportunity_b,
          co_window_unsneaky_path_a, co_window_unsneaky_path_a,
          co_window_corner_b, co_window_corner_cb, co_window_broadway_a,
          co_window_paths_e, co_window_sun, item_on_display_a
D:6:      layout_loops_corners, nicolae_uskayaw_murder_on_the_dancefloor,
          ebering_ghost_sewer_f, guppyfry_shop_venom, uniq_maggie, uniq_edmund
D:7:      layout_basic, nicolae_hepliaklqana_monster_ancestors,
          minmay_temple_entry_fiery, serial_shops, nicolae_shop_gibbet_a_chance,
          nicolae_shop_gaudy_bauble, shop, nicolae_shop_advertising_works
          [nicolae_subvault_shop_adworks], shop
D:8:      layout_loops_cross, gammafunk_temple_overflow_forgotten, serial_shops,
          shop, uniq_pikel, uniq_joseph
D:9:      layout_loops_ring, serial_shops, nicolae_shop_hallway_stairs,
          enter_bailey_4, nicolae_lava_and_water
D:10:     layout_roguey, xom_butterflies, tso_oasis_becter,
          grunt_temple_overflow_open, mainiacjoe_overflow_catwalk,
          david_lair_shrubbed, kennysheep_diamond
Temple:   hellmonk_temple_of_storms
Lair:1:   layout_regular_city, serial_bayou_pond_d, minivault_19
Lair:2:   layout_roguey, minmay_swamp_entry_wisps,
          minmay_snake_entry_six_corridors, enter_volcano_4,
          hangedman_tree_tricks, lemuel_fruit_fields, uniq_urug
Lair:3:   layout_roguey, gammafunk_ghost_arena
Lair:4:   layout_regular_city
Lair:5:   minmay_lair_end_enchanted_forest, layout_regular_city,
          dpeg_slime_entry_corner

Skill      XL: |  1  2  3  4  5  6  7  8  9 10 11 12 13 |
---------------+----------------------------------------+-----
Spellcasting   | 3 4 5 6 8 |  8.2
Dodging        | 2 |  2.0
Conjurations   | 1 2 3 4 5 |  5.0
Fighting       | 1 2 3 4 5 6 10 | 10.0
Stealth        | 2 |  2.0
Earth Magic    | 3 4 5 |  5.0
Armour         | 1 3 6 7 10 12 | 12.1
Shields        | 3 7 10 11 | 11.5
Ice Magic      | 1 |  1.0
Air Magic      | 1 |  1.0
Transmutations | |  0.7

Action                     |  1- 3 |  4- 6 |  7- 9 | 10-12 | 13-15 || total
---------------------------+-------+-------+-------+-------+-------++-------
  Melee: Spear             |    13 |       |       |       |       ||    13
         Short sword       |       |     7 |    26 |       |       ||    33
         Trident           |       |     5 |     9 |       |    24 ||    38
         Staff             |       |       |     2 |     7 |     2 ||    11
         Broad axe         |       |       |       |    65 |    35 ||   100
         Scimitar          |       |       |       |    53 |    36 ||    89
   Cast: Sandblast         |    50 |    36 |     5 |     9 |       ||   100
         Stone Arrow       |       |    25 |   110 |   367 |   197 ||   699
         Passwall          |       |       |     2 |       |       ||     2
  Evoke: Wand              |       |       |       |     2 |       ||     2
    Use: Scroll            |     1 |     6 |     4 |    11 |     4 ||    26
 Armour: Robe              |     9 |    18 |    20 |       |       ||    47
         Ring mail         |       |       |     2 |   137 |       ||   139
         Acid dragon scale |       |       |     6 |     6 |       ||    12
         Fire dragon scale |       |       |       |   202 |   399 ||   601
  Dodge: Dodged            |    28 |    24 |    37 |   337 |   285 ||   711
  Block: Kite shield       |       |       |       |   140 |    43 ||   183
         Buckler           |       |       |       |       |    53 ||    53

Table legend: (Time is in decaauts)
 A = Elapsed time spent in this place.
 B = Non-inter-level travel time spent in this place.
 C = Inter-level travel time spent in this place.
 D = Time resting spent in this place.
 E = Time spent auto-exploring this place.
 F = Levels seen in this place.
 G = Mean time per level.
                   A        B        C        D        E       F      G
               +--------+--------+--------+--------+--------+-----+--------+
         Total |  26324 |  25366 |    958 |   9865 |  11204 |  18 | 1462.4 |
       Dungeon |  13510 |  12770 |    740 |   3583 |   7353 |  10 | 1351.0 |
        Temple |      1 |      1 |      0 |      0 |      0 |   1 |    1.0 |
          Lair |  11220 |  11002 |    218 |   5318 |   3768 |   5 | 2244.0 |
        Bailey |   1074 |   1074 |      0 |    664 |      5 |   1 | 1074.0 |
       Volcano |    516 |    516 |      0 |    300 |     78 |   1 |  516.0 |
               +--------+--------+--------+--------+--------+-----+--------+

Top non-repeatable levels by time:
  Lair:4: 3197 daAuts
  Lair:5: 2686 daAuts
  Lair:2: 2100 daAuts
  Lair:3: 2009 daAuts
     D:7: 1905 daAuts
     D:6: 1831 daAuts
     D:3: 1435 daAuts
     D:5: 1423 daAuts
    D:10: 1328 daAuts
     D:8: 1229 daAuts
  Lair:1: 1226 daAuts
     D:4: 1182 daAuts
     D:9: 1180 daAuts
     D:1: 1120 daAuts
  Bailey: 1074 daAuts
